 Dungeon Crawl Stone Soup version 0.28.0-53-g5a82cb258f (webtiles) character file.

Game seed: 4228591699428400901

2403 KamiKatze the Cleaver (level 9, -2/78 HPs)
             Began as a Gargoyle Berserker on May 29, 2022.
             Was a Priest of Trog.
             Slain by a shadow (5 damage)
             ... on level 9 of the Dungeon.
             The game lasted 00:20:26 (5694 turns).

KamiKatze the Cleaver (Gargoyle Berserker)          Turns: 5694, Time: 00:20:27

Health: -2/78      AC: 18    Str: 24    XL:     9   Next: 47%
Magic:  0/9        EV: 11    Int:  9    God:    Trog [***...]
Gold:   345        SH:  5    Dex:  9    Spells: 8/8 levels left

rFire   . . .      SeeInvis .   a - +0 hand axe
rCold   . . .      Faith    .   o - +1 buckler
rNeg    + . .      Spirit   +   C - +0 swamp dragon scales
rPois   ∞          Reflect  .   (no helmet)
rElec   +          Harm     .   q - +2 cloak
rCorr   .          Rampage  .   u - +0 pair of gloves
Will    .....                   (no boots)
Stlth   ..........              b - amulet of guardian spirit
HPRegen 0.23/turn               (no ring)
MPRegen 0.11/turn               (no ring)

@: berserking, very quick
A: sickness immunity, AC +6, negative energy resistance 1, electricity
resistance, torment resistance 1, petrification resistance
a: Renounce Religion, Berserk, Trog's Hand


You were on level 9 of the Dungeon.
You worshipped Trog.
Trog was most pleased with you.
You visited 1 branch of the dungeon, and saw 7 of its levels.
You also visited: Sewer.

You collected 345 gold pieces.

Inventory:

Hand Weapons
 a - a +0 hand axe (weapon)
 r - a +0 flail
 s - a +0 war axe
 B - a +2 morningstar of flaming
Missiles
 d - 111 stones (quivered)
 v - 16 poisoned darts
Armour
 o - a +1 buckler (worn)
 q - a +2 cloak (worn)
 u - a +0 pair of gloves (worn)
 C - +0 swamp dragon scales (worn)
Jewellery
 b - an amulet of guardian spirit (around neck)
Scrolls
 c - 2 scrolls of enchant armour
 e - a scroll of enchant weapon {unknown}
 i - a scroll of fog
 l - 2 scrolls of amnesia
 y - a scroll of fear {unknown}
 A - a scroll of teleportation {unknown}
Potions
 f - 3 potions of curing
 g - a potion of mutation
 k - a potion of flight
 m - a potion of brilliance {unknown}
 n - a potion of might {unknown}
 p - a potion of attraction
 w - a potion of magic
 x - a potion of haste {unknown}
 z - a potion of lignification {unknown}


   Skills:
 + Level 4.5 Fighting
 * Level 10.3 Axes
 + Level 3.7 Armour
 + Level 2.5 Dodging
 - Level 4.0 Shields


You had 8 spell levels left.
You didn't know any spells.
Your spell library was empty.

Dungeon Overview and Level Annotations

Branches:
Dungeon (6/15)              Sewer (visited)
 Temple: D:4-7

Altars:
Ru

Shops:
D:2 =


Innate Abilities, Weirdness & Mutations

You are immune to sickness and miasma.
Your stone body is resilient. (AC +6)
You are immune to poison.
You resist negative energy. (rN+)
You are resistant to electric shocks. (rElec)
You are resistant to unholy torment.
You are immune to petrification.


Message History

You slash the shadow!
The shadow is severely damaged.
The shadow closely misses you.
You hit the shadow but do no damage.
The shadow is severely damaged.
You hit the shadow but do no damage.
The shadow is severely damaged.
The shadow closely misses you.
You hit the shadow.
The shadow is severely damaged.
The shadow hits you!
You hit the shadow but do no damage.
The shadow is severely damaged.
The shadow hits you.
You hit the shadow but do no damage.
The shadow is severely damaged.
You block the shadow's attack.
You hit the shadow but do no damage.
The shadow is severely damaged.
The shadow slips into darkness.
The shadow flickers and vanishes!
Deactivating autopickup; reactivate with Ctrl-A.
You barely miss something.
The shadow strikes at you from the darkness!
* * * LOW HITPOINT WARNING * * *
Reactivating autopickup.
You hit the shadow.
The shadow is severely damaged.
You completely miss the shadow.
The shadow is severely damaged.
The shadow slips into darkness.
The shadow flickers and vanishes!
Deactivating autopickup; reactivate with Ctrl-A.
You closely miss something.
The shadow strikes at you from the darkness!
* * * LOW HITPOINT WARNING * * *
Reactivating autopickup.
A red film seems to cover your vision as you go berserk!
You feel yourself moving faster!
You feel mighty! The shadow hits you.
You die...

#...#### #......#
#...(..#########
#...............
+#...............
................
./.....W.....##
.......@†††...#
..#.......†...#
#.....>.....#
#...........#
#...........#
#...........#
#...........#
#...........#
#...........#


You could see a shadow.

Vanquished Creatures
  Maggie (D:6)
  2 water moccasins
  Duvessa (D:5)
  An ice beast (D:6)
  A necrophage (D:6)
  A black bear (D:5)
  3 ogres
  2 phantoms
  3 kobold brigands (Sewer)
  2 scorpions
  2 water moccasin skeletons (D:5)
  Dowan (D:5)
  5 killer bees (D:9)
  2 bullfrog zombies
  A centaur zombie (D:6)
  2 hounds (D:4)
  A jelly (D:5)
  An orc wizard (D:5)
  A hound zombie (D:5)
  A hound skeleton (D:5)
  3 gnolls (D:4)
  6 adders
  A river rat (Sewer)
  A white imp (D:5)
  An ufetubus (D:5)
  6 worms
  A dart slug (D:5)
  5 orcs
  2 bats
  11 endoplasms
  7 giant cockroaches
  4 hobgoblins
  3 jackals
  3 quokkas
  10 ball pythons
  4 frilled lizards
  8 goblins
  16 kobolds
  9 rats
135 creatures vanquished.

Notes
Turn   | Place    | Note
-------+----------+-------------------------------------------
     0 | D:1      | KamiKatze the Gargoyle Berserker began the quest for the
                  | Orb.
     0 | D:1      | Reached XP level 1. HP: 14/14 MP: 1/1
   205 | D:1      | Reached XP level 2. HP: 15/19 MP: 2/2
   271 | D:1      | Reached skill level 3 in Axes
   666 | D:2      | Reached ** piety under Trog
   727 | D:2      | Reached XP level 3. HP: 20/23 MP: 3/3
   760 | D:2      | Found a faded altar of an unknown god.
  1101 | D:2      | Found Lixukk's Jewellery Emporium.
  1345 | D:3      | Found a sacrificial altar of Ru.
  1413 | D:3      | Noticed a phantom
  1516 | D:3      | Killed a phantom
  1517 | D:3      | Reached skill level 4 in Axes
  1517 | D:3      | Reached XP level 4. HP: 12/29 MP: 4/4
  1517 | D:3      | Reached XP level 5. HP: 14/33 MP: 5/5
  2631 | D:4      | Reached skill level 5 in Axes
  2807 | D:4      | Reached XP level 6. HP: 38/38 MP: 3/6
  2815 | D:4      | Reached skill level 1 in Shields
  3499 | D:5      | Entered Level 5 of the Dungeon
  3531 | D:5      | Reached XP level 7. HP: 38/43 MP: 4/7
  3706 | D:5      | Reached skill level 6 in Axes
  3904 | D:5      | Reached skill level 7 in Axes
  3909 | D:5      | Reached XP level 8. HP: 48/48 MP: 6/8
  4012 | D:5      | Reached skill level 8 in Axes
  4228 | D:5      | Noticed Duvessa
  4228 | D:5      | Noticed Dowan
  4246 | D:5      | Killed Duvessa
  4250 | D:5      | Killed Dowan
  4598 | D:6      | Found a glowing drain.
  4628 | D:6      | Reached *** piety under Trog
  4637 | Sewer    | Entered a sewer
  4860 | Sewer    | Reached skill level 9 in Axes
  5379 | D:6      | Reached XP level 9. HP: 32/52 MP: 6/9
  5502 | D:6      | Noticed Maggie
  5515 | D:6      | Killed Maggie
  5516 | D:6      | Reached skill level 10 in Axes
  5563 | D:6      | Identified the +3 ring mail of the Cricket {rPois Str-2
                  | Int+4 Dex-2}
  5649 | D:6      | You fall into a shaft and drop 3 floors!
  5693 | D:9      | HP: 2/52 [something (8)]
  5694 | D:9      | Slain by a shadow

Illustrated notes

Levels and vault maps discovered:
D:1:      lightli_arrival_boilingwater, layout_basic
D:2:      layout_basic, serial_shops, shop, chequers_ecumenical_altar_island,
          kennysheep_cross_bottleneck
D:3:      layout_basic, lemuel_round_altar, minmay_cupped
D:4:      layout_basic, chequers_serial_rivers_marsh,
          hangedman_abyss_or_decor_stagger, minivault_23
D:5:      minmay_diamond_boxcup, layout_rooms, kennysheep_small_spiral,
          uniq_duvessa
D:6:      layout_loops_ring, portal_sewer_entry_c,
          chequers_serial_rivers_micro_d, uniq_maggie
D:9:      layout_basic

Skill      XL: |  1  2  3  4  5  6  7  8  9 |
---------------+----------------------------+-----
Axes           | 3 4 5 7 9 10 | 10.3
Dodging        | 2 |  2.5
Fighting       | 4 |  4.5
Armour         | 3 |  3.7
Shields        | 2 4 |  4.0

Action                   |  1- 3 |  4- 6 |  7- 9 || total
-------------------------+-------+-------+-------++-------
Melee: Hand axe          |   142 |   134 |   410 ||   686
       Punch             |     3 |       |       ||     3
Throw: Stone             |       |     4 |       ||     4
Invok: Berserk           |     1 |     4 |     5 ||    10
       Trog's Hand       |       |       |     1 ||     1
  Use: Scroll            |       |     3 |     5 ||     8
Armor: Animal skin       |    11 |       |       ||    11
       Leather armour    |    50 |    44 |    72 ||   166
       Ring mail         |       |       |    65 ||    65
       Swamp dragon scal |       |       |    42 ||    42
Dodge: Dodged            |    90 |    65 |   166 ||   321
Block: Buckler           |       |     7 |    71 ||    78
